[Event "FRA-ch Youth U16 2018"]
[Site "Agen"]
[Date "2018.04.19"]
[Round "6"]
[White "Grall, Alba"]
[Black "Aubert, Estee"]
[Result "1-0"]
[ECO "C00"]
[WhiteElo "1855"]
[BlackElo "1892"]
[Annotator "NA"]
[PlyCount "129"]
[EventDate "2018.??.??"]
[EventType "swiss"]
[EventCountry "FRA"]
[SourceTitle "playchess.com"]
[Source "ChessBase"]
[SourceQuality "1"]
[TimeControl "5400+30"]

1. e4 e6 2. d4 d5 3. Bd3 dxe4 4. Bxe4 c5 5. Ne2 Nf6 6. Bf3 Nc6 7. Be3 e5 8. Bxc6+ bxc6 9. dxe5 Qxd1+ 10. Kxd1 Ng4 11. Nd2 Ba6 12. Nf3 O-O-O+ 13. Ke1 Nxe3 14. fxe3 g6 15. Nc3 Bh6 16. Kf2 g5 17. h3 Kc7 18. Rad1 Bg7 19. Ne4 h6 20. Nxc5 Bc8 21. Rxd8 Rxd8 22. Ke2 Rd5 23. Nd3 Ra5 24. a3 c5 25. Rf1 Be6 26. Rd1 c4 27. Nf2 c3 28. b3 Rc5 29. a4 Bf5 30. e4 Be6 31. Nd3 Ra5 32. Ke3 Bc8 33. Kd4 Bb7 34. Re1 f6 35. Kxc3 fxe5 36. Kd2 Kd6 37. Ke3 Ke7 38. Nd2 Ba6 39. Nb2 Rc5 40. Nbc4 Ke6 41. Rf1 Rc7 42. g4 Rc8 43. Ke2 Rd8 44. Rf3 Bf8 45. Rd3 Rd4 46. Rxd4 exd4 47. Kd3 Bc5 48. Nf3 Bb6 49. Nxd4+ Kf6 50. e5+ Kg6 51. Ke3 Bc5 52. c3 Bf8 53. Nc6 Bc5+ 54. Ke4 Kf7 55. Kd5 Bf8 56. e6+ Kf6 57. Nd2 Bd3 58. Nxa7 Bc2 59. Nc6 Bd3 60. a5 Ba3 61. Kd4 Ba6 62. Kd5 Bd3 63. c4 Bf8 64. a6 Be2 65. a7 1-0

[Event "FRA-ch Youth U16 2018"]
[Site "Agen"]
[Date "2018.04.19"]
[Round "6"]
[White "Gospodaru, Teodora"]
[Black "Sabiani, Chjara"]
[Result "0-1"]
[ECO "A50"]
[WhiteElo "1784"]
[BlackElo "1723"]
[Annotator "NA"]
[PlyCount "82"]
[EventDate "2018.??.??"]
[EventType "swiss"]
[EventCountry "FRA"]
[SourceTitle "playchess.com"]
[Source "ChessBase"]
[SourceQuality "1"]
[TimeControl "5400+30"]

1. d4 Nf6 2. c4 g6 3. f3 Nh5 4. e4 e5 5. Be3 Bb4+ 6. Nc3 exd4 7. Bxd4 O-O 8. g4 Ng7 9. Nge2 Nc6 10. Be3 Ne5 11. Nd4 Ne6 12. Be2 b6 13. h4 Ba6 14. Ndb5 c6 15. Qa4 Be7 16. O-O-O Nc5 17. Bxc5 Bxc5 18. Nd4 Bxc4 19. Bxc4 b5 20. Ncxb5 cxb5 21. Qxb5 Bxd4 22. Rxd4 Nxf3 23. Rxd7 Qc8 24. Kb1 Ne5 25. Rd4 Nxc4 26. Qxc4 Qxg4 27. e5 Qf5+ 28. Re4 Rac8 29. Qe2 Rfd8 30. Rf1 Rd2 31. Rxf5 Rxe2 32. Rxe2 gxf5 33. Rf2 Rc4 34. h5 f4 35. h6 Re4 36. Kc2 Rxe5 37. Rxf4 Re6 38. Rh4 f5 39. Kd3 Kf7 40. Rh3 Kg6 41. Kd4 Kg5 0-1

[Event "FRA-ch Youth U16 2018"]
[Site "Agen"]
[Date "2018.04.19"]
[Round "6"]
[White "Pionnier, Camille"]
[Black "Boulart, Emilie"]
[Result "1-0"]
[ECO "D26"]
[WhiteElo "1744"]
[BlackElo "1781"]
[Annotator "NA"]
[PlyCount "82"]
[EventDate "2018.??.??"]
[EventType "swiss"]
[EventCountry "FRA"]
[SourceTitle "playchess.com"]
[Source "ChessBase"]
[SourceQuality "1"]
[TimeControl "5400+30"]

1. d4 d5 2. c4 dxc4 3. Nf3 Nf6 4. e3 e6 5. Bxc4 a6 6. Qe2 c5 7. dxc5 Bxc5 8. O-O O-O 9. e4 h6 10. e5 Nfd7 11. Nc3 Qc7 12. Bf4 Nc6 13. Qe4 Rd8 14. Rac1 Ba7 15. Bd3 Nf8 16. Ne2 Qa5 17. Bb1 Qd5 18. Qc2 Bd7 19. Rfd1 Qb5 20. Nc3 Qc4 21. Ne4 Qxc2 22. Rxc2 g5 23. Bg3 Be8 24. Nd6 Ng6 25. Re2 Bc5 26. Bxg6 fxg6 27. Red2 g4 28. Ne1 b6 29. Nd3 Bd4 30. Nf4 Bxe5 31. Nxe6 Rxd6 32. Rxd6 Bxd6 33. Rxd6 Rc8 34. h3 gxh3 35. gxh3 Kf7 36. Nf4 Kg7 37. Nd5 b5 38. Nf6 Bf7 39. Nd5 Be8 40. Kg2 a5 41. Nf4 g5 1-0

[Event "FRA-ch Youth U16 2018"]
[Site "Agen"]
[Date "2018.04.19"]
[Round "6"]
[White "Diez, Ambre"]
[Black "Francois, Gwladys"]
[Result "1/2-1/2"]
[ECO "B26"]
[WhiteElo "1701"]
[BlackElo "1765"]
[Annotator "NA"]
[PlyCount "73"]
[EventDate "2018.??.??"]
[EventType "swiss"]
[EventCountry "FRA"]
[SourceTitle "playchess.com"]
[Source "ChessBase"]
[SourceQuality "1"]
[TimeControl "5400+30"]

1. e4 c5 2. Nc3 Nc6 3. g3 g6 4. Bg2 Bg7 5. d3 d6 6. Be3 e6 7. Qd2 Rb8 8. Nge2 Nd4 9. Nd1 b5 10. c3 Nxe2 11. Qxe2 Ne7 12. h4 h5 13. O-O O-O 14. d4 Qc7 15. Qd2 Kh7 16. f4 Bb7 17. Nf2 f5 18. Nh3 Bh6 19. e5 c4 20. exd6 Qxd6 21. Rfe1 Bxg2 22. Kxg2 Nd5 23. a3 a5 24. Qe2 Rfe8 25. Bd2 Nf6 26. Nf2 Bg7 27. Qf3 Nd5 28. Qe2 Qc6 29. Qf3 Kg8 30. Nh3 Bf6 31. Ng5 Bxg5 32. fxg5 Ne7 33. Bf4 Rbc8 34. Re5 Nd5 35. Rae1 Kf7 36. Bd2 Qb6 37. Ra1 1/2-1/2

[Event "FRA-ch Youth U16 2018"]
[Site "Agen"]
[Date "2018.04.20"]
[Round "7"]
[White "Vlachos, Anatole"]
[Black "Degraeve, Remy"]
[Result "1-0"]
[ECO "A01"]
[WhiteElo "2346"]
[BlackElo "2294"]
[Annotator "NA"]
[PlyCount "75"]
[EventDate "2018.??.??"]
[EventType "swiss"]
[EventCountry "FRA"]
[SourceTitle "playchess.com"]
[Source "ChessBase"]
[SourceQuality "1"]
[TimeControl "5400+30"]

1. b3 d5 2. Bb2 Bg4 3. g3 Nc6 4. h3 Bh5 5. Bg2 e5 6. Nf3 Bd6 7. c4 d4 8. d3 f5 9. Nbd2 Nf6 10. Qc2 Qe7 11. Nh4 g6 12. a3 a5 13. O-O O-O (13... Bxe2 14. Rfe1 $18) 14. Rfe1 e4 $2 (14... Bc5 $17 {keeps the pressure on.}) 15. dxe4 f4 16. g4 Nxg4 17. hxg4 Qxh4 $2 (17... Bxg4 18. Nhf3 Bc5) 18. gxh5 g5 19. Nf3 Qxh5 20. e5 Bc5 21. Qe4 Rad8 (21... g4 $142) 22. b4 axb4 23. axb4 Bxb4 24. Nxd4 Bxe1 25. Nxc6 ({Much less strong is} 25. Rxe1 Nxd4 26. Bxd4 Qg6 $18) 25... Bxf2+ 26. Kxf2 bxc6 27. e6 f3 28. e7 fxg2+ 29. Kxg2 Qf7 (29... Rde8 $18) 30. exd8=Q Qf2+ 31. Kh1 Rxd8 32. Rg1 Kf8 33. Ba3+ c5 34. e3 Qf6 35. Bxc5+ Kg8 36. Bd4 Qh6+ 37. Kg2 c5 38. Rh1 1-0

[Event "FRA-ch Youth U16 2018"]
[Site "Agen"]
[Date "2018.04.20"]
[Round "7"]
[White "Travadon, Loic"]
[Black "Robert, Mathias"]
[Result "1-0"]
[ECO "E92"]
[WhiteElo "2344"]
[BlackElo "2171"]
[Annotator "NA"]
[PlyCount "74"]
[EventDate "2018.??.??"]
[EventType "swiss"]
[EventCountry "FRA"]
[SourceTitle "playchess.com"]
[Source "ChessBase"]
[SourceQuality "1"]
[TimeControl "5400+30"]

1. d4 Nf6 2. c4 g6 3. Nc3 Bg7 4. e4 d6 5. Nf3 O-O 6. Be2 e5 7. d5 a5 8. Bg5 h6 9. Be3 Ng4 {[%emt 0:05:43] E92: King's Indian: Classical: 6 Be2 e5: 7 dxe5, 7 Be3 and Petrosian System without 7...Nbd7} 10. Bd2 f5 11. h3 Nf6 12. exf5 gxf5 13. Qc1 Kh7 (13... f4 14. g3 e4 15. Nh4 e3 16. fxe3 fxg3 17. Ng6 {½-½ (69) Erdos,V (2628)-Amin,B (2680) Tbilisi 2017}) 14. g4 Ne4 15. Nxe4 fxe4 16. Qc2 Nd7 17. Qxe4+ Kh8 $146 18. Be3 Qe7 (18... b6 $16 {was worth a try.} 19. g5 Nc5) 19. O-O-O b6 (19... Nc5 $142 20. Bxc5 Rf4) 20. Bd3 Nf6 21. Nh4 ({Less strong is} 21. Qg6 e4 $14) 21... Qe8 22. Qg2 e4 23. Bc2 Kg8 24. Rhg1 Rf7 25. Bd4 Qe7 26. Ng6 Qe8 27. Rde1 Ba6 (27... Bd7 $142 28. g5 (28. Bxe4 Nxe4 29. Rxe4 Bxd4 $18) 28... Ng4 29. Bxg7 Rxg7 30. gxh6 Rxg6 31. Bxe4 Rxh6) 28. b3 a4 (28... Nh7 $142 29. Rxe4 Qd8) 29. Bxe4 Nxe4 30. Rxe4 $18 Qd8 31. Bxg7 Qg5+ 32. f4 Qxg6 33. Bc3 axb3 34. axb3 b5 35. f5 Qg5+ 36. Qd2 Qh4 37. Re6 Qg5 1-0

[Event "FRA-ch Youth U16 2018"]
[Site "Agen"]
[Date "2018.04.20"]
[Round "7"]
[White "Harutyunyan, Ruben"]
[Black "Joly, Julien"]
[Result "1-0"]
[ECO "B32"]
[WhiteElo "2305"]
[BlackElo "1844"]
[Annotator "NA"]
[PlyCount "57"]
[EventDate "2018.??.??"]
[EventType "swiss"]
[EventCountry "FRA"]
[SourceTitle "playchess.com"]
[Source "ChessBase"]
[SourceQuality "1"]
[TimeControl "5400+30"]

1. e4 c5 2. Nf3 Nc6 3. d4 cxd4 4. Nxd4 Qb6 5. Nb3 Nf6 6. Nc3 e6 7. Bd3 {[%emt 0:00:00] LiveBook: 1150 Games} a6 8. Be3 Qc7 9. f4 d6 10. Qf3 Be7 11. O-O O-O 12. g4 Nb4 {[%emt 0:28:31] B33: Sicilian: Pelikan and Sveshnikov Variations} (12... b5 13. g5 Nd7 14. Qh5 g6 15. Qh6 Re8 16. Rf3 Bf8 17. Qh4 Qd8 18. Raf1 Bb7 19. Rh3 h6 20. Nd4 Nxd4 21. Bxd4 e5 22. Be3 exf4 23. Bxf4 Ne5 24. gxh6 Qxh4 25. Rxh4 {½-½ (55) Ponomariov,R (2743)-Akopian,V (2678) Moscow 2002}) 13. g5 Nd7 {[%emt 0:02:08] [#]} 14. Qh3 $146 ({Predecessor:} 14. Qh5 b5 15. Rf3 Re8 16. Rc1 g6 17. Qh4 Nxd3 18. cxd3 Qd8 19. Ne2 Bf8 20. Ned4 {½-½ (37) Plomp,M (2557)-Gmuer,A (2490) Switzerland 2003}) 14... Nxd3 15. cxd3 Re8 16. f5 Bf8 $2 {[%emt 0:01:19] [#]} ({Black should play} 16... exf5 $14 17. exf5 (17. Qxf5 Ne5 $15) (17. Nd5 Qd8 $11) 17... Ne5) 17. fxe6 $1 fxe6 18. d4 $16 b5 19. g6 hxg6 20. Qg4 b4 21. Qxg6 Re7 22. Bg5 Nb6 23. Rf3 e5 24. Raf1 Be6 25. Bxe7 Qxe7 26. d5 Nxd5 27. Nxd5 Bxd5 28. exd5 Qh4 29. Qe6+ 1-0

[Event "FRA-ch Youth U16 2018"]
[Site "Agen"]
[Date "2018.04.20"]
[Round "7"]
[White "Aubert, Estee"]
[Black "Diez, Ambre"]
[Result "1-0"]
[ECO "A45"]
[WhiteElo "1892"]
[BlackElo "1701"]
[Annotator "NA"]
[PlyCount "51"]
[EventDate "2018.??.??"]
[EventType "swiss"]
[EventCountry "FRA"]
[SourceTitle "playchess.com"]
[Source "ChessBase"]
[SourceQuality "1"]
[TimeControl "5400+30"]

1. d4 Nf6 2. Bf4 g6 3. e3 Bg7 4. Nf3 O-O 5. Be2 d6 6. h3 Nbd7 7. O-O b6 8. a4 {[%emt 0:00:10] A48: 1 d4 Nf6 2 Nf3 g6: Torre, London and Colle Systems} (8. c4 Bb7 9. Nc3 a6 10. Bh2 Qe8 11. d5 e5 12. Nd2 Qe7 13. b4 Kh8 14. a4 a5 15. bxa5 Rxa5 16. Nb3 Raa8 17. a5 {1-0 (39) Karjakin,S (2783)-Nepomniachtchi,I (2751) chess.com INT 2017}) 8... a5 9. Nc3 Bb7 10. Nb5 c5 11. c3 Nd5 12. Bg3 N7f6 $146 ({Predecessor:} 12... Nc7 13. Nd2 Nxb5 14. Bxb5 Nf6 15. Qe2 Qc7 16. Rac1 Rfd8 {1-0 (30) Fichtner,E (1970)-Bondarchuk,V (1996) Solingen 2011}) 13. Nd2 Nc7 14. Qb1 Nxb5 15. Bxb5 Nh5 16. Bh2 cxd4 17. cxd4 e5 18. Nc4 Qg5 19. e4 $15 exd4 20. Nxd6 Ba6 21. Bxa6 Rxa6 22. Qd3 Raa8 23. f4 Qc5 24. e5 Bh8 25. Rfd1 Ng7 26. Ne4 1-0

[Event "FRA-ch Youth U16 2018"]
[Site "Agen"]
[Date "2018.04.20"]
[Round "7"]
[White "Francois, Gwladys"]
[Black "Grall, Alba"]
[Result "1-0"]
[ECO "C60"]
[WhiteElo "1765"]
[BlackElo "1855"]
[Annotator "NA"]
[PlyCount "121"]
[EventDate "2018.??.??"]
[EventType "swiss"]
[EventCountry "FRA"]
[SourceTitle "playchess.com"]
[Source "ChessBase"]
[SourceQuality "1"]
[TimeControl "5400+30"]

1. e4 e5 2. Nf3 Nc6 3. Bb5 g6 4. O-O Bg7 5. Bxc6 {[%emt 0:00:34] C60: Ruy Lopez: Unusual Black 3rd moves and 3...g6} (5. c3 a6 6. Ba4 d6 7. d4 exd4 8. cxd4 b5 9. Bb3 Nge7 10. h3 O-O 11. Nc3 Na5 12. Be3 Bb7 13. d5 Nxb3 14. Qxb3 c5 15. dxc6 Nxc6 16. a4 Na5 17. Qb4 Nc6 18. Qb3 Na5 19. Qb4 Nc6 20. Qb3 {½-½ (20) Anton Guijarro,D (2654)-Van Kampen,R (2643) Linares 2017}) 5... bxc6 6. d3 Ne7 7. Re1 O-O 8. Nbd2 $146 ({Predecessor:} 8. Bg5 h6 9. Be3 d6 10. h3 f5 11. Bc1 g5 12. Nbd2 Ng6 {1-0 (43) Garcia Padron,J (2220)-Rodriguez Moya,D Corte Ingles 1998}) 8... d6 9. c3 c5 10. Qc2 Rb8 11. h3 h6 12. Nb3 Kh7 13. d4 cxd4 14. cxd4 exd4 15. Nfxd4 Bb7 ({Black should play} 15... c5 $15 16. Nf3 a5) 16. Bf4 Qd7 17. Rac1 c5 18. Nf3 f5 19. e5 Bxf3 20. gxf3 Nd5 21. e6 Qe7 22. Bh2 Rb4 23. Qd2 Bd4 24. f4 Rf6 25. Qe2 Nc7 26. Nxd4 Rxd4 27. Qf3 $19 Rb4 28. b3 Rxe6 29. Rxe6 Qxe6 30. Qc6 Qe7 31. Kf1 Rb6 32. Qf3 d5 33. Re1 Re6 34. Rc1 Nb5 35. Qxd5 Rd6 36. Qc4 Na3 37. Qc3 Nb5 38. Qc4 Na3 39. Qc3 Nb5 40. Qc4 a6 41. Re1 Qb7 42. Kg1 Nd4 43. Re3 Rd7 44. Qc3 Qa8 45. Bg3 Nb5 46. Qc2 Qd8 47. Qxc5 Rc7 48. Qe5 Qa8 49. Re1 Qb7 (49... Rd7 $14) 50. Qb2 Nc3 51. Kh2 Ne4 52. f3 Qc8 53. Re2 Nxg3 54. Kxg3 Rd7 55. Qf6 Qc7 56. Qxa6 Qc1 57. Qe6 Qg1+ 58. Rg2 Qd1 59. Kh2 Qd4 60. Qxg6+ Kh8 61. Qg8# 1-0

[Event "FRA-ch Youth U16 2018"]
[Site "Agen"]
[Date "2018.04.20"]
[Round "7"]
[White "Sabiani, Chjara"]
[Black "Pionnier, Camille"]
[Result "1-0"]
[ECO "E11"]
[WhiteElo "1723"]
[BlackElo "1744"]
[Annotator "NA"]
[PlyCount "54"]
[EventDate "2018.??.??"]
[EventType "swiss"]
[EventCountry "FRA"]
[SourceTitle "playchess.com"]
[Source "ChessBase"]
[SourceQuality "1"]
[TimeControl "5400+30"]

1. d4 Nf6 2. c4 e6 3. Nf3 Bb4+ 4. Bd2 a5 5. a3 Bxd2+ 6. Nbxd2 a4 7. g3 d6 8. Bg2 Nbd7 9. O-O O-O 10. e4 e5 11. d5 Nc5 12. Ne1 Re8 13. Qc2 Ng4 14. Nd3 Nxd3 15. Qxd3 Nh6 16. Rac1 b6 17. f4 exf4 18. gxf4 f5 19. Rce1 fxe4 20. Bxe4 Rf8 21. Bxh7+ Kh8 22. Ne4 Qh4 23. Ng5 Bf5 24. Bxf5 Rxf5 25. Qg3 Qh5 26. Re7 Nf7 27. Ne6 Rg8 1-0

[Event "FRA-ch Youth U16 2018"]
[Site "Agen"]
[Date "2018.04.20"]
[Round "7"]
[White "Konate, Salma"]
[Black "Djidjeli, Sarah"]
[Result "0-1"]
[ECO "B30"]
[WhiteElo "1653"]
[BlackElo "1903"]
[Annotator "NA"]
[PlyCount "72"]
[EventDate "2018.??.??"]
[EventType "swiss"]
[EventCountry "FRA"]
[SourceTitle "playchess.com"]
[Source "ChessBase"]
[SourceQuality "1"]
[TimeControl "5400+30"]

1. e4 c5 2. Nf3 Nc6 3. Nc3 d6 4. h3 Nf6 5. d4 cxd4 6. Nxd4 e5 7. Nf3 Be7 8. Be2 O-O 9. a3 h6 10. O-O Be6 11. Bd3 d5 12. Re1 Bc5 13. exd5 Nxd5 14. Nxd5 Qxd5 15. c4 Qd6 16. b4 Bd4 17. Be3 $14 Rfd8 18. Bxd4 exd4 19. b5 Na5 20. Qa4 b6 21. Re4 Qc5 22. Re5 Qc7 23. Rc1 Rac8 24. Re2 Qf4 25. Rce1 Bxh3 26. Re4 Qf6 27. Nxd4 Qg5 28. g3 Bg4 29. R1e3 g6 30. Re5 Qf6 31. Nc6 Nxc6 32. bxc6 Rxd3 33. Re8+ Rxe8 34. Rxe8+ Kg7 35. c7 Qf3 36. Re1 Bh3 0-1

[Event "FRA-ch Youth U16 2018"]
[Site "Agen"]
[Date "2018.04.21"]
[Round "8"]
[White "Gatineau, Yovann"]
[Black "Harutyunyan, Ruben"]
[Result "1-0"]
[ECO "E10"]
[WhiteElo "2365"]
[BlackElo "2305"]
[Annotator "NA RC"]
[PlyCount "74"]
[EventDate "2018.??.??"]
[EventType "swiss"]
[EventCountry "FRA"]
[SourceTitle "playchess.com"]
[Source "ChessBase"]
[SourceQuality "1"]
[TimeControl "5400+30"]

1. d4 Nf6 2. Nf3 e6 3. c4 c5 4. d5 b5 5. e4 Nxe4 {[%emt 0:03:17] E10: Blumenfeld Gambit} 6. Bd3 Nd6 (6... Nf6 7. O-O Bb7 8. Nc3 Be7 9. Nxb5 exd5 10. cxd5 d6 11. Nh4 O-O 12. Nf5 a6 13. Nc3 {½-½ (44) Vitiugov,N (2724)-Kvon,A (2500) Helsingor 2017}) 7. cxb5 Bb7 8. Nc3 a6 9. b6 Be7 10. O-O O-O 11. Bf4 Qxb6 12. Rc1 $146 ({Find the theoretical novelty and annotate with similar games:} 12. Re1 $14 c4 13. Bxd6 Qxd6 14. Bxc4 {1-0 (81) Mayer,R (2478)-Leupold,V (2326) ICCF email 2010}) 12... Bxd5 13. Nxd5 exd5 14. Qc2 Ne4 15. Bxe4 dxe4 16. Qxe4 Nc6 17. Rfd1 Rae8 18. Qc4 Rd8 19. b3 Nb4 20. Qe2 Rfe8 21. a3 Nc6 22. Qc4 Na5 23. Qa4 Qb5 24. Bc7 Nxb3 25. Qxb5 axb5 26. Bxd8 Rxd8 ({But not} 26... Nxc1 $6 27. Bxe7 Ne2+ 28. Kf1 $16) 27. Rc3 c4 28. a4 bxa4 29. Rxc4 a3 $11 30. Ra4 Rc8 31. Kf1 Rc2 32. Ra8+ Bf8 33. Ne5 Nc5 34. Nxd7 Nxd7 35. Rxd7 g6 36. Rdd8 Kg7 37. Rxf8 a2 1-0

[Event "FRA-ch Youth U16 2018"]
[Site "Agen"]
[Date "2018.04.21"]
[Round "8"]
[White "Degraeve, Remy"]
[Black "Gely, Yann"]
[Result "1-0"]
[ECO "D35"]
[WhiteElo "2294"]
[BlackElo "2044"]
[Annotator "NA"]
[PlyCount "83"]
[EventDate "2018.??.??"]
[EventType "swiss"]
[EventCountry "FRA"]
[SourceTitle "playchess.com"]
[Source "ChessBase"]
[SourceQuality "1"]
[TimeControl "5400+30"]

1. d4 Nf6 2. c4 e6 3. Nc3 d5 4. cxd5 exd5 5. Bg5 Be7 6. e3 c6 7. Bd3 Nbd7 8. Nge2 Nf8 9. O-O Ne6 10. Bh4 O-O 11. Qc2 g6 12. Rad1 Ng7 {[%emt 0:01:20] LiveBook: 4 Games} 13. f3 Re8 14. Kh1 Bf5 {[%emt 0:07:14] D36: Queen's Gambit Declined: Exchange Variation: Main line (5 Bg5 c6 6 Qc2)} 15. Bf2 Bxd3 16. Qxd3 (16. Rxd3 Ne6 17. e4 Ng5 18. e5 Nh5 19. g4 Ng7 20. Ng3 Qd7 21. f4 Ne4 22. f5 Nxf2+ 23. Rxf2 {1-0 (65) Macedo,M (2345)-Souza,R (2163) Natal 2016}) 16... Qc7 $146 ({Predecessor:} 16... Bf8 17. Rde1 Ne6 18. Bh4 Be7 19. Ng1 Nh5 20. Bxe7 Qxe7 21. f4 f5 {½-½ (21) Wittfoth,K (2139)-Diotallevi,M (2016) Bad Woerishofen 2015}) 17. e4 dxe4 (17... a5 $11) 18. fxe4 Rad8 19. Qf3 Rf8 20. Bg3 Qc8 21. e5 Nd5 22. Nxd5 cxd5 23. Bf4 f5 (23... f6 $11 {keeps the balance.}) 24. Bh6 Rf7 25. Bxg7 Rxg7 26. Rc1 Qd7 27. Nf4 Bg5 28. Rc5 Bxf4 29. Qxf4 Qe6 30. h4 Rgd7 31. Rfc1 Qe7 32. R1c3 Kg7 33. h5 Rf8 34. hxg6 hxg6 35. Rh3 g5 36. Qh2 Qd8 37. Rh7+ Kg8 38. Rh8+ Kf7 39. Qh5+ Ke6 40. Qg6+ Ke7 41. Rh7+ Rf7 42. Qxf7# 1-0

[Event "FRA-ch Youth U16 2018"]
[Site "Agen"]
[Date "2018.04.21"]
[Round "8"]
[White "Djidjeli, Sarah"]
[Black "Grall, Alba"]
[Result "1-0"]
[ECO "C40"]
[WhiteElo "1903"]
[BlackElo "1855"]
[Annotator "NA"]
[PlyCount "81"]
[EventDate "2018.??.??"]
[EventType "swiss"]
[EventCountry "FRA"]
[SourceTitle "playchess.com"]
[Source "ChessBase"]
[SourceQuality "1"]
[TimeControl "5400+30"]

1. e4 e5 2. Nf3 f5 3. d3 d6 4. Be2 Nf6 5. Nc3 Be7 {[%emt 0:02:57] LiveBook: 3 Games} 6. Bg5 Nc6 7. Bxf6 Bxf6 8. Nd5 O-O 9. Qd2 Ne7 10. Nxf6+ Rxf6 11. h3 Ng6 12. g3 Bd7 13. Ng5 Qe7 14. O-O-O b5 15. d4 $11 exd4 16. Qxd4 Rff8 17. f4 fxe4 18. Qd5+ Kh8 19. Nxe4 Rab8 20. Bg4 Qe8 21. Rde1 Bc6 22. Qd3 Qf7 23. Kb1 Rbe8 24. Bf3 Bd7 25. Ng5 Qf6 26. h4 Bf5 27. Be4 Bxe4 28. Nxe4 Qf5 29. h5 Ne7 30. h6 Ng8 31. hxg7+ Kxg7 32. Qc3+ Nf6 33. Qxc7+ Rf7 34. Qxf7+ Kxf7 35. Nxd6+ Kg6 36. Nxf5 Kxf5 37. Rxe8 Nxe8 38. Rxh7 Kg4 39. Rxa7 Kxg3 40. f5 Kg4 41. Rb7 1-0

[Event "FRA-ch Youth U16 2018"]
[Site "Agen"]
[Date "2018.04.21"]
[Round "8"]
[White "Aubert, Estee"]
[Black "Sabiani, Chjara"]
[Result "0-1"]
[ECO "D79"]
[WhiteElo "1892"]
[BlackElo "1723"]
[Annotator "NA"]
[PlyCount "84"]
[EventDate "2018.??.??"]
[EventType "swiss"]
[EventCountry "FRA"]
[SourceTitle "playchess.com"]
[Source "ChessBase"]
[SourceQuality "1"]
[TimeControl "5400+30"]

1. d4 Nf6 2. Nf3 g6 3. g3 Bg7 4. Bg2 O-O 5. O-O d5 6. c4 c6 7. cxd5 cxd5 8. Nc3 Ne4 9. Qb3 Nxc3 10. bxc3 Nc6 {[%emt 0:01:29] LiveBook: 26 Games} 11. Nd2 e5 {[%emt 0:13:34] D79: Fianchetto Grünfeld: Symmetrical Variation (6 0-0 c6 7 cxd5 cxd5)} (11... e6 12. e4 Na5 13. Qd1 Qc7 14. Qf3 b6 15. exd5 exd5 16. Nb3 Nxb3 17. Bf4 Nxd4 18. cxd4 Qc2 19. Rac1 Qxa2 20. Qxd5 Qxd5 21. Bxd5 {0-1 (44) Nabaty,T (2619)-Swiercz,D (2656) Gjakova 2016}) 12. Ba3 (12. Bxd5 Na5 $17) 12... Re8 $146 (12... exd4 $11 13. Bxf8 (13. Bxd5 Na5 $17) 13... Qxf8) ({Predecessor:} 12... Na5 13. Qxd5 Qxd5 14. Bxd5 Rd8 15. e4 exd4 16. cxd4 Bxd4 17. Rab1 Be6 18. Rb5 Bb6 19. Nb3 {½-½ (106) Eckhardt,C (2155)-Kopylov,L (2222) Germany 2008}) 13. Bxd5 Qd7 14. e4 exd4 15. cxd4 Nxd4 16. Qd3 Ne2+ 17. Kh1 (17. Qxe2 $11 Qxd5 18. exd5 Rxe2 19. Rfe1 Rxe1+ 20. Rxe1) 17... Nc3 18. Rae1 b6 19. Nc4 Ba6 20. Rc1 Bxc4 21. Qxc4 Rac8 22. Qb3 Red8 23. Rfe1 Bd4 24. Kg2 a5 25. Bb2 a4 26. Qb4 $19 (26. Qa3 $15 Nxd5 27. Bxd4 Nf4+ 28. gxf4 Qxd4 29. Rcd1) 26... Nxd5 27. Qxd4 Nf4+ 28. Kf3 Qxd4 29. Bxd4 Rxc1 30. Rxc1 Rxd4 31. Kxf4 Rd2 32. f3 Rxa2 33. Rb1 a3 34. Rxb6 Rxh2 35. Ra6 a2 36. Ke5 Kg7 37. g4 h5 38. Kf4 h4 39. e5 Re2 40. Kg5 h3 41. f4 h2 42. f5 h1=Q 0-1

[Event "FRA-ch Youth U16 2018"]
[Site "Agen"]
[Date "2018.04.21"]
[Round "8"]
[White "Conti, Anne-Marie"]
[Black "Herreman-Boutot, Louise"]
[Result "1-0"]
[ECO "E05"]
[WhiteElo "1865"]
[BlackElo "1719"]
[Annotator "NA"]
[PlyCount "59"]
[EventDate "2018.??.??"]
[EventType "swiss"]
[EventCountry "FRA"]
[SourceTitle "playchess.com"]
[Source "ChessBase"]
[SourceQuality "1"]
[TimeControl "5400+30"]

1. d4 d5 2. c4 dxc4 3. Nf3 Nf6 4. g3 e6 5. Bg2 Be7 6. O-O O-O 7. Ne5 c5 8. dxc5 Bxc5 9. Nxc4 Nbd7 10. Nc3 {[%emt 0:06:55] LiveBook: 3 Games} Qc7 (10... Nb6 $14 11. Be3 Bxe3 12. Nxe3 Rb8) 11. Qb3 a6 12. Rd1 (12. Na4 $14) 12... Rb8 13. Bf4 e5 $14 14. Bg5 h6 15. Bxf6 Nxf6 16. Rac1 b5 17. Nd2 Qe7 18. Nd5 Nxd5 19. Bxd5 Bb7 20. Bxb7 Rxb7 21. Ne4 Rc7 22. Nxc5 Rxc5 23. Rxc5 Qxc5 24. Rd5 Qc1+ 25. Kg2 Qc6 26. f3 Qe6 27. Qd3 Rc8 28. a3 Qc6 29. Rxe5 Qc2 30. Re8+ 1-0

[Event "FRA-ch Youth U16 2018"]
[Site "Agen"]
[Date "2018.04.21"]
[Round "8"]
[White "Francois, Gwladys"]
[Black "Bellahcene, Meriem"]
[Result "1/2-1/2"]
[ECO "B31"]
[WhiteElo "1765"]
[BlackElo "1862"]
[Annotator "NA"]
[PlyCount "114"]
[EventDate "2018.??.??"]
[EventType "swiss"]
[EventCountry "FRA"]
[SourceTitle "playchess.com"]
[Source "ChessBase"]
[SourceQuality "1"]
[TimeControl "5400+30"]

1. e4 c5 2. Nf3 Nc6 3. Bb5 g6 4. Bxc6 dxc6 5. d3 Bg7 6. h3 Nf6 7. Nc3 O-O 8. O-O Nd7 9. Be3 b6 10. Qd2 e5 11. Bh6 {[%emt 0:02:37] LiveBook: 3 Games B31: Sicilian: 2...Nc6 3 Bb5 g6} Re8 12. Bxg7 Kxg7 13. a4 a5 {[%emt 0:02:50] [#]} 14. Ne2 $146 ({Predecessor:} 14. Nh2 Nf8 15. f4 exf4 16. Qxf4 {½-½ (44) Holroyd,K (2533)-Oreopoulos,K (2497) ICCF email 2015}) 14... Nf8 15. b3 Qd6 16. Nh2 Ne6 17. f4 exf4 18. Nxf4 Nxf4 19. Qxf4 Qxf4 20. Rxf4 Ra7 21. Nf1 Be6 22. Nd2 b5 23. Rff1 h6 24. Nb1 b4 25. Nd2 f5 26. Rae1 Rae7 27. exf5 Bxf5 28. Rxe7+ Rxe7 29. Nc4 Ra7 30. Re1 Kf6 31. Re5 Be6 32. Rxc5 Bxc4 33. Rxc4 Ra6 34. Rc5 Ke6 35. Kf2 Kd6 36. Rc4 c5 37. Rg4 Kd5 38. Re4 Rf6+ 39. Ke2 Rf5 40. Rg4 Re5+ 41. Kd2 g5 42. c3 bxc3+ 43. Kxc3 Re2 44. h4 Re5 45. hxg5 $18 hxg5 46. Rg3 Rf5 47. Rh3 Rf2 48. Rg3 Rf5 49. Rg4 Re5 50. d4 Re3+ 51. Kd2 Rxb3 52. dxc5 Kxc5 53. Rxg5+ Kb4 54. Rg4+ Ka3 55. g3 Rf3 56. Kc2 Re3 57. Kd2 Rb3 1/2-1/2